Unix NetHack Version 5.0.0-0 post-release - last build May 31 2026 23:59:36 (970b52f25bf058293b47ddfd14a1e40e571c508c,branch:main).

Game began 2026-06-07 14:49:08, ended 2026-06-07 15:22:13.

DiePARTEI, neutral female human Tourist

                   ---
   -----------------.-----------.------------------
|..............<.......)...|-.....................|----------
-------  -------.--....--..|....#.....--------....|......||.|  --
               ........|-....{........|..|...|....-...@@....)#......-
              --.---..^|..#.....-.... |..|..!-....|..@h..|%.|    ...-
                -- |...|........|.....|..|----....-.------[-|
                   |.----...--+-|......|.|..................|
                   |.|  |...|   -........---|------.------.-|
                   ---  +...|   |.............|    .     |..|         -
                 ... ----...|   -+------..{...|    .     |..|  -   ...--
                   |........|----  |.((|......--+-...|   |..|  ........----
                   |........|...   |((.-.............-----................-
                 -.. -----..|...---|((.|..--|---+-.......).-----     ...|
                 -   |.. |..|.. |..-----..|..+|  --|--- --..|          --
                     |...-..--|--.........|)[?|    .     |.>|
                     |.. |................|=!(|    .     |..|
                     --- |................|----   ---    |.--
                         --.---..-----.----              ---
                          --- ----   ---

DiePARTEI the Sightseer     St:12 Dx:11 Co:16 In:12 Wi:11 Ch:15  Neutral
Dlvl:5  $:211 HP:0(44) Pw:24(24) AC:3  Xp:5 T:2863  Burdened

Latest messages:
 Are you waiting to get hit?
 Are you waiting to get hit?
 Are you waiting to get hit?
 Are you waiting to get hit?
 Are you waiting to get hit?
 Are you waiting to get hit?
 Are you waiting to get hit?
 Are you waiting to get hit?
 Are you waiting to get hit?
 Are you waiting to get hit?
 Are you waiting to get hit?
 Are you waiting to get hit?
 Are you waiting to get hit?
 Are you waiting to get hit?
 Are you waiting to get hit?
 Are you waiting to get hit?
 Are you waiting to get hit?
 Are you waiting to get hit?
 Are you waiting to get hit?
 Are you waiting to get hit?
 Are you waiting to get hit?
 Are you waiting to get hit?
 Are you waiting to get hit?
 Are you waiting to get hit?
 Are you waiting to get hit?
 Are you waiting to get hit?
 Are you waiting to get hit?
 What do you want to zap? [vINSV or ?*] I
 Nothing happens.
 What do you want to name? [a-eg-ik-oru-xzBD-FI-OQS-VY or ?*] I
 What do you want to name this wand of magic missile? empty
 Pick a monster, object or location.
 You miss the dwarf.
 You miss the dwarf.
 The dwarf thrusts her broad short sword.
 The dwarf hits!
 You miss the dwarf.
 The watch captain strikes at your displaced image and misses you!
 The dwarf thrusts her broad short sword.
 The dwarf hits!
 You miss the dwarf.
 You miss the dwarf.
 The dwarf thrusts her broad short sword.
 The dwarf hits!
 You die...
 Do you want your possessions identified? [ynq] (y) y
 Do you want to see your attributes? [ynq] (y) y
 Do you want an account of creatures vanquished? [ynaq] (y) y
 Do you want to see your conduct and achievements? [ynq] (y) y
 Do you want to see the dungeon overview? [ynq] (y) y

Inventory:
 Coins    ('$')
  $ - 211 gold pieces
 Weapons  (')')
  a - 20 +2 darts (at the ready)
  w - 12 +0 darts
  z - 3 +0 daggers
 Armor    ('[')
  L - an uncursed +0 helmet
  B - an uncursed +0 pair of speed boots (being worn)
  D - an uncursed +0 shield of shock resistance (being worn)
  F - an uncursed +0 cloak of displacement (being worn)
  h - an uncursed +0 Hawaiian shirt with a hibiscus flower motif (being worn)
  u - an uncursed +0 scale mail (being worn)
 Comestibles  ('%')
  E - an uncursed slime mold
  d - an uncursed clove of garlic
  b - 8 uncursed food rations
  Y - 2 uncursed fortune cookies
  c - 3 uncursed eggs
 Scrolls  ('?')
  x - a cursed scroll of amnesia
  o - an uncursed scroll of blank paper
  k - a cursed scroll of fire
  T - an uncursed scroll of light
  g - 2 uncursed scrolls of magic mapping
  m - an uncursed scroll of scare monster
 Spellbooks  ('+')
  Q - an uncursed spellbook of cause fear
  U - an uncursed spellbook of create familiar
 Potions  ('!')
  J - 2 uncursed potions of paralysis
  n - an uncursed potion of water
 Wands    ('/')
  V - a wand of create monster (0:11)
  v - a wand of digging (0:1)
  S - a cursed wand of fire (0:0)
  I - a wand of magic missile named empty (0:0)
  N - a wand of speed monster (0:4)
 Tools    ('(')
  i - an expensive camera (0:42)
  K - an uncursed skeleton key
 Gems/Stones  ('*')
  O - 2 uncursed jade stones
  r - an uncursed opal
  l - an uncursed worthless piece of blue glass
  e - an uncursed worthless piece of violet glass
  M - an uncursed worthless piece of yellowish brown glass

DiePARTEI the Tourist's attributes:

Background:
 You were a Sightseer, a level 5 female human Tourist.
 You were neutral, on a mission for The Lady
 who was opposed by Blind Io (lawful) and Offler (chaotic).
 You were right-handed.
 You were in the Gnomish Mines, on level 5.
 You entered the dungeon 2863 turns ago.
 You had 258 experience points, 62 more were needed to attain level 6.

Basics:
 You had 0 out of 44 hit points.
 You had all 24 energy points (spell power).
 Your armor class was 3.
 Your wallet contained 211 zorkmids.
 Autopickup was off.

Final Characteristics:
 Your strength was 12 (limit:18/100).
 Your dexterity was 11 (limit:18).
 Your constitution was 16 (limit:18).
 Your intelligence was 12 (limit:18).
 Your wisdom was 11 (limit:18).
 Your charisma was 15 (limit:18).

Final Status:
 You weren't hungry.
 You were burdened; movement was slightly slowed.
 You were bare handed.
 You were unskilled in bare handed combat.

Final Attributes:
 You had transgressed.
 You were shock resistant.
 Your items were protected from electric shocks.
 You were displaced.
 You were warded.
 Your spell casting was impaired by metallic armor.
 You were very fast.
 You were very unlucky.
 You are dead.

Miscellaneous:
 You didn't encounter any bones levels.
 Total elapsed playing time was 33 minutes and 4 seconds.

Major events:
 Turn
    1: DiePARTEI the neutral female human Tourist entered the dungeon
 1152: found Vorpal Blade in a shop
 1558: attained the rank of Sightseer (level 3)
 1977: entered the Gnomish Mines
 2047: reached Mine Town
 2863: killed by a dwarf

Spells:
 Name                 Level Category     Fail Retention
 extra healing          3   healing      100%  76%-100%
 create familiar        6   clerical     100%  76%-100%
 cause fear             3   enchantment  100%  76%-100%

Skills:
 Fighting Skills
   bare handed combat [Unskilled]
   two weapon combat  [Unskilled]
   riding             [Unskilled]
 Weapon Skills
   dagger             [Unskilled]
   knife              [Unskilled]
   axe                [Unskilled]
   pick-axe           [Unskilled]
   short sword        [Unskilled]
   broadsword         [Unskilled]
   long sword         [Unskilled]
   two-handed sword   [Unskilled]
   saber              [Unskilled]
   mace               [Unskilled]
   morning star       [Unskilled]
   flail              [Unskilled]
   hammer             [Unskilled]
   quarterstaff       [Unskilled]
   polearms           [Unskilled]
   spear              [Unskilled]
   trident            [Unskilled]
   lance              [Unskilled]
   bow                [Unskilled]
   sling              [Unskilled]
   crossbow           [Unskilled]
   dart               [Basic]
   shuriken           [Unskilled]
   boomerang          [Unskilled]
   whip               [Unskilled]
   unicorn horn       [Unskilled]
 Spellcasting Skills
   divination spells  [Unskilled]
   enchantment spells [Unskilled]
   escape spells      [Unskilled]

Voluntary challenges:
 Character rerolling was not enabled.
 You never hit with a wielded weapon.
 You never genocided any monsters.
 You never polymorphed an object.
 You never changed form.
 You used no wishes.
Achievements:
 You entered a shop.
 You attained the rank of Sightseer.
 You entered the Gnomish Mines.
 You entered Minetown.
 You entered a temple.

 The Dungeons of Doom: levels 1 to 6
    Level 1:
    Level 2:
       A fountain.
       Stairs down to The Gnomish Mines.
    Level 3:
    Level 4:
    Level 5:
       An armor shop, a fountain, a grave.
    Level 6:
 The Gnomish Mines: levels 3 to 5
    Level 3:
    Level 4:
    Level 5: <- You were here.
       Many shops, a temple and an altar to The Lady, some fountains, some trees.
       Final resting place for
          you, killed by a dwarf.


Vanquished creatures:
  3 watchmen
  a dog
  3 gnome leaders
  a giant ant
  a floating eye
  3 dwarves
  2 homunculi
  a dwarf zombie
  2 coyotes
  a gas spore
  2 hobbits
  a manes
  a giant rat
  a cave spider
  a red mold
  9 gnomes
  2 gnome zombies
  3 geckos
  a jackal
  2 foxes
  3 kobolds
  2 goblins
  3 grid bugs
  6 newts
55 creatures vanquished.

No species were genocided or became extinct.

Game over:
                       ----------
                      /          \
                     /    REST    \
                    /      IN      \
                   /     PEACE      \
                  /                  \
                  |    DiePARTEI     |
                  |      211 Au      |
                  |   killed by a    |
                  |      dwarf       |
                  |                  |
                  |                  |
                  |       2026       |
                 *|     *  *  *      | *
        _________)/\\_//(\/(/\)/\//\/|_)_______

Aloha DiePARTEI the Tourist...

You died in The Gnomish Mines on dungeon level 5 with 1395 points,
and 211 pieces of gold, after 2863 moves.
You were level 5 with a maximum of 44 hit points when you died.

